 Dungeon Crawl Stone Soup version 0.21.1-1-g345015f (webtiles) character file.

1674 Kairos the Shield-Bearer (level 9, -9/60 HPs)
             Began as a Human Fighter on Apr 3, 2018.
             Mangled by a wight
             ... wielding a +0 battleaxe
              (11 damage)
             ... on level 6 of the Dungeon.
             The game lasted 00:26:09 (8617 turns).

Kairos the Shield-Bearer (Human Fighter)            Turns: 8617, Time: 00:26:09

Health: -9/60      AC:  9    Str: 17      XL:     9   Next: 21%
Magic:  9/9        EV: 14    Int:  7 (8)  God:
Gold:   270        SH: 10    Dex: 14 (16) Spells: 7/8 levels left

rFire    + . .     SeeInvis .   p - -1 spear (curse)
rCold    . . .     Gourm    .   c - +0 shield
rNeg     . . .     Faith    .   j - +1 ring mail {rF+}
rPois    +         Spirit   .   (no helmet)
rElec    .         Reflect  .   r - +0 cloak
rCorr    .         Harm     .   o - +0 pair of gloves
MR       .....     Clarity  +   (no boots)
Stlth    +.........             (no amulet)
HPRegen  0.20/turn              m - ring of poison resistance
MPRegen  0.11/turn              g - +3 ring of evasion

@: drained
A: clarity, deterioration 1, frail 1
a: no special abilities


You were on level 6 of the Dungeon.
You were not hungry.

You visited 1 branch of the dungeon, and saw 7 of its levels.
You also visited: Ossuary.

You collected 270 gold pieces.

Inventory:

Hand Weapons
 a - a +0 war axe
 p - a cursed -1 spear (weapon)
Armour
 c - a +0 shield (worn)
 j - a +1 ring mail of fire resistance (worn)
 o - a +0 pair of gloves (worn)
 r - a +0 cloak (worn)
Jewellery
 g - a +3 ring of evasion (right hand)
 m - a ring of poison resistance (left hand)
 n - an uncursed ring of wizardry
Scrolls
 i - 2 scrolls of amnesia
 s - a scroll of fear
 w - a scroll of identify
Potions
 b - a potion of cancellation
 l - 2 potions of brilliance
Books
 k - a book of Cantrips

   Spells                             Type                      Level
   a - Confusing Touch                Hexes                        1
   b - Animate Skeleton               Necromancy                   1
   c - Summon Small Mammal            Summoning                    1
   d - Apportation                    Translocation                1
Comestibles
 f - 8 rations


   Skills:
 + Level 4.9(4.6) Fighting
 + Level 4.8(5.4) Axes
 + Level 4.7(5.4) Polearms
 + Level 5.1(4.8) Armour
 + Level 4.0(3.7) Dodging
 + Level 0.6(0.4) Stealth
 + Level 6.0(5.7) Shields


You had 7 spell levels left.
You knew the following spells:

 Your Spells              Type           Power        Failure   Level  Hunger
a - Apportation           Tloc           #.....       95%         1    ##.....


Dungeon Overview and Level Annotations

Branches:
Dungeon (7/15)
 Temple: D:4-7

Altars:
Cheibriados
Dithmenos
Hepliaklqana
Qazlal
Ru
Vehumet

Annotations:
D:5 Sigmund
D:6 Pikel


Innate Abilities, Weirdness & Mutations

You possess an exceptional clarity of mind.
Your body sometimes deteriorates upon taking damage.
You are frail. (-10% HP)


Message History

You hit the wight but do no damage.
The wight is heavily damaged.
The wight hits you with a battleaxe.
You closely miss the wight.
The wight is heavily damaged.
The wight hits you with a battleaxe.
* * * LOW HITPOINT WARNING * * *
You feel drained.
You hit the wight.
The wight is heavily damaged.
Your shield prevents you from hitting the wight.
The wight is heavily damaged.
The orc priest calls down the wrath of Beogh upon you.
Beogh smites you!
* * * LOW HITPOINT WARNING * * *
The wight closely misses you.
You hit the wight but do no damage.
The wight is heavily damaged.
The wight hits you with a battleaxe!
You die...

#######
#......
#......
#......
#......
#...... ###
#####>. .z #.#
#.. #.... #@#
#.. #.... #z#
#..
#....#####O#
#.. .
#......oooo#
#..
..#........oo#
###
o..........z#
#..........#
#......(...#
##.#..(..#.#


You could see an ogre, 2 wights, an orc priest and 3 orcs.

Vanquished Creatures
  Grinder (D:5)
  An ogre (D:5)
  A centaur (D:5)
  5 elf zombies (Ossuary)
  2 bullfrogs
  2 wights (D:5)
  A howler monkey (D:5)
  4 centaur zombies (Ossuary)
  A quasit (D:5)
  A hound (D:6)
  Crazy Yiuf (D:2)
  3 human zombies (Ossuary)
  An orc wizard (D:7)
  Terence (D:3)
  4 worker ants
  4 mummies
  A howler monkey zombie (D:5)
  4 gnolls (D:3)
  8 adders
  A shadow imp (D:7)
  An ooze (D:5)
  An adder zombie (D:5)
  A worm (D:2)
  An adder skeleton (D:4)
  A dart slug (D:3)
  6 leopard geckos
  4 orcs
  3 giant cockroaches
  10 goblins
  5 hobgoblins
  3 jackals (D:2)
  7 kobolds
  5 quokkas
  A ball python (D:2)
  6 bats
  7 frilled lizards
  9 rats
118 creatures vanquished.

Notes
Turn   | Place    | Note
-------+----------+-------------------------------------------
     0 | D:1      | Kairos the Human Fighter began the quest for the Orb.
     0 | D:1      | Reached XP level 1. HP: 18/18 MP: 1/1
    61 | D:1      | Reached XP level 2. HP: 17/24 MP: 2/2
   467 | D:1      | Reached XP level 3. HP: 29/29 MP: 3/3
   945 | D:2      | Reached XP level 4. HP: 35/35 MP: 4/4
  1000 | D:2      | Learned a level 1 spell: Apportation
  1686 | D:2      | Found a runed door.
  1692 | D:2      | Noticed Crazy Yiuf
  1696 | D:2      | Killed Crazy Yiuf
  1696 | D:2      | Reached skill level 1 in Dodging
  1696 | D:2      | Reached XP level 5. HP: 41/41 MP: 5/5
  2238 | D:3      | Noticed Terence
  2244 | D:3      | Killed Terence
  2485 | D:3      | Reached XP level 6. HP: 43/48 MP: 6/6
  2959 | D:4      | Reached skill level 4 in Shields
  2982 | D:4      | Found a hazy altar of Hepliaklqana.
  3158 | D:4      | Found a sacrificial altar of Ru.
  3328 | D:4      | Found a stormy altar of Qazlal.
  3587 | D:5      | Entered Level 5 of the Dungeon
  3629 | D:5      | Noticed Grinder
  3647 | D:5      | Killed Grinder
  3647 | D:5      | Reached XP level 7. HP: 21/54 MP: 7/7
  5074 | D:6      | Found a sand-covered staircase.
  5092 | Ossuary  | Entered an ossuary
  5220 | Ossuary  | Reached skill level 1 in Polearms
  5220 | Ossuary  | Reached XP level 8. HP: 39/61 MP: 8/8
  5413 | Ossuary  | Reached skill level 5 in Shields
  6917 | D:6      | Noticed Sigmund
  6974 | D:5      | Gained mutation: You have a pair of small antennae on your head. [potion of mutation]
  6974 | D:5      | Gained mutation: You are clumsy. (Dex -2) [potion of mutation]
  6974 | D:5      | Gained mutation: Your flesh is heat resistant. (rF+) [potion of mutation]
  7001 | D:5      | Lost mutation: Your flesh is heat resistant. (rF+) [potion of mutation]
  7001 | D:5      | Lost mutation: You are clumsy. (Dex -2) [potion of mutation]
  7001 | D:5      | Lost mutation: You have a pair of small antennae on your head. [potion of mutation]
  7001 | D:5      | Gained mutation: Your body sometimes deteriorates upon taking damage. [potion of mutation]
  7001 | D:5      | Gained mutation: You are frail. (-10% HP) [potion of mutation]
  7001 | D:5      | Gained mutation: You possess an exceptional clarity of mind. [potion of mutation]
  7116 | D:5      | Reached XP level 9. HP: 40/60 MP: 9/9
  7430 | D:6      | Noticed Pikel
  7830 | D:7      | Noticed a gargoyle
  7911 | D:7      | Reached skill level 5 in Armour
  7934 | D:7      | Noticed a cyan ugly thing
  8519 | D:6      | Found a shadowy altar of Dithmenos.
  8557 | D:6      | Found a snail-covered altar of Cheibriados.
  8559 | D:6      | Found a radiant altar of Vehumet.
  8600 | D:6      | Reached skill level 6 in Shields
  8616 | D:6      | HP: 2/60 [orc priest/divine providence (13)]
  8617 | D:6      | Mangled by a wight

Skill      XL: |  1  2  3  4  5  6  7  8  9 |
---------------+----------------------------+-----
Axes           | 3 4 |  4.8
Dodging        | 1 2 3 4 |  4.0
Fighting       | 4 |  4.9
Shields        | 4 5 6 |  6.0
Armour         | 4 5 |  5.1
Polearms       | 1 4 |  4.7
Stealth        | |  0.6

Action                   |  1- 3 |  4- 6 |  7- 9 || total
-------------------------+-------+-------+-------++-------
Melee: War axe           |    93 |   185 |    27 ||   305
       Spear             |       |       |   879 ||   879
Throw: Tomahawk          |       |       |     2 ||     2
  Use: Scroll            |       |     5 |     9 ||    14
       Potion            |       |     1 |    10 ||    11
  Eat: Chunk             |       |     9 |     5 ||    14
       Ration            |       |       |     4 ||     4
Armor: Scale mail        |    40 |       |       ||    40
       Ring mail         |     1 |    62 |   216 ||   279
       Skin              |       |       |    24 ||    24
Dodge: Dodged            |    55 |   106 |   336 ||   497
Block: Shield            |    58 |   105 |   361 ||   524
